Connexion

Wild vs Checkers

Created - 26 juillet 2023 at 08:19

Goals
1 2 3 T
Wild 1 1 3 5
Checkers 1 1 0 2
Shots
1 2 3 T
Wild 7 11 14 32
Checkers 14 5 6 25

GoalsPenalties
1st period
1. Checkers , Miles Wood 1 (Riley Barber 1, Michael Vukojevic 1) at 2:24
2. Wild , Danick Martel 1 (Ben Gleason 1, Anthony Louis 1) at 14:38
No Penalty
2nd period
3. Checkers , Miles Wood 2 (Max Crozier 1) at 9:55
4. Wild , Jeremy Gregoire 1 (Jalen Chatfield 1, Kasper Bjorkqvist 1) at 17:50 (PP)
Ethan Edwards (CHA) for Slashing (Minor) at 2:05
Brett Sutter (CHA) for Tripping (Minor) at 16:51
3rd period
5. Wild , Ben Gleason 1 (Connor Hobbs 1, Danick Martel 1) at 0:42
6. Wild , Antti Suomela 1 (Grant Mismash 1, Ivan Lodnia 1) at 2:47
7. Wild , Danick Martel 2 (Dillon Simpson 1) at 15:16
No Penalty
Goalie Stats
Shane Starrett (IOW), 23 saves from 25 shots - (0,920), W, 1-0-0, 60:00 minutes
Jake Kielly (CHA), 27 saves from 32 shots - (0,844), L, 0-1-0, 60:00 minutes
3 StarsOfficial
1 - Danick Martel (IOW)
2 - Ben Gleason (IOW)
3 - Miles Wood (CHA)
Referees : Dan Marouelli and Wes McCauley
Linesman : Mike Cvik and Scott Driscoll
Game Note
No Game Note
Finance
Level 1 -- Attendance: 1223 (61,15%) -- Ticket Income 55 035 $
Level 2 -- Attendance: 649 (64,90%) -- Ticket Income 16 225 $
Total Attendance: 1872 (62,40%)
Total Ticket Income: 71 260 $
Other Income: 14 252 $
Total Income: 85 512 $



Team Name Goals Shots Shots Attemp Shots Blocked PIM HIT PP PK FO%
Wild 53267120251 / 2 (50%)047%
Checkers 22556144190 / 0 (0,00%153%

Wild
Player Name POS G A P +/- PIM HIT SHT SB MP PP MP PP SHT PK MP PK SHT FO% FOT
Anthony LouisC/LW0113002018:341:2800:00067% 3
Antti SuomelaC101100306:250:0000:00022% 9
Ben GleasonD1122013320:441:2800:0000% 0
Ben ThomasD0000001016:420:0000:0000% 0
Connor HobbsD0112040320:441:2800:0000% 0
Danick MartelC/LW2133015018:341:2800:00031% 16
Dillon SimpsonD0110033022:341:3010:0000% 0
Eemeli RasanenD0000030316:420:0000:0000% 0
Grant MismashLW011100206:250:0000:0000% 0
Ivan LodniaRW011101106:250:0000:0000% 1
Jalen ChatfieldD0110050022:341:3000:0000% 0
Jeremy GregoireC/LW/RW101-1032021:581:3010:00054% 26
Joseph GambardellaC/LW000-1015121:581:3000:00075% 4
Kasper BjorkqvistLW/RW011-1001021:240:5600:000100% 1
Lukas JasekC/RW000-1001113:370:3400:00062% 13
Michael MerschLW/RW0003032018:341:2800:00050% 2
Nikita JevpalovsLW/RW000-1000013:030:0000:0000% 2
Ryan KuffnerLW000-1001113:030:0000:0000% 0
Checkers
Player Name POS G A P +/- PIM HIT SHT SB MP PP MP PP SHT PK MP PK SHT FO% FOT
Aarne TalvitieC000-100008:200:0001:03054% 13
Aidan HreschukD0000011317:430:0001:0400% 0
Andy AndreoffC/LW0001012118:160:0001:04038% 16
Brett SutterC/LW000-2206015:150:0001:0000% 0
Demetrios KoumontzisD0000010219:270:0000:4700% 0
Dylan PetersonC000000000:130:0000:0000% 0
Ethan EdwardsD0000220016:560:0000:1800% 0
Jackson BlakeRW0000003118:170:0000:0000% 2
Joshua Ho-SangRW000-2002014:490:0000:330100% 1
Ludwig PerssonLW0000010018:170:0000:000100% 1
Max CrozierD011-2001322:510:0001:0800% 0
Michael VukojevicD0110020219:320:0000:5200% 0
Miles WoodLW2021015017:200:0000:0800% 1
Petrus PalmuRW000-101007:170:0000:0000% 0
Reese JohnsonC0000021018:380:0000:21052% 21
Riley BarberRW0111021117:290:0000:1700% 0
Troy StecherD000-2022023:090:0001:2600% 0
Vinni LettieriC000-3031123:110:0001:51068% 22



Play-by-Play

1st period


0:01 of 1st period - Vinni Lettieri wins face-off versus Jeremy Gregoire in neutral zone.
0:05 of 1st period - Joshua Ho-Sang is hit by Dillon Simpson.
0:07 of 1st period - Shot by Brett Sutter.
0:07 of 1st period - Stopped by Shane Starrett without a rebound.
0:08 of 1st period - Andy Andreoff wins face-off versus Danick Martel in Wild zone.
0:15 of 1st period - Shot by Riley Barber.
0:15 of 1st period - Shot Blocked by Ben Gleason.
0:35 of 1st period - Shot by Andy Andreoff.
0:35 of 1st period - Shot Blocked by Ben Gleason.
0:41 of 1st period - Shot by Miles Wood.
0:41 of 1st period - Stopped by Shane Starrett with a rebound.
1:01 of 1st period - Shot by Max Crozier.
1:01 of 1st period - Shot Blocked by Connor Hobbs.
1:03 of 1st period - Shot by Joshua Ho-Sang.
1:03 of 1st period - Shot Blocked by Ben Gleason.
1:05 of 1st period - Shot by Brett Sutter.
1:05 of 1st period - Shot Misses the Net.
1:19 of 1st period - Shot by Troy Stecher.
1:19 of 1st period - Shot Misses the Net.
1:21 of 1st period - Shot by Brett Sutter.
1:21 of 1st period - Stopped by Shane Starrett with a rebound.
1:29 of 1st period - Shot by Vinni Lettieri.
1:29 of 1st period - Shot Blocked by Connor Hobbs.
1:41 of 1st period - Reese Johnson is hit by Danick Martel and loses puck.
1:51 of 1st period - Off-side.
1:52 of 1st period - Reese Johnson wins face-off versus Jeremy Gregoire in neutral zone.
2:11 of 1st period - Jeremy Gregoire is hit by Ethan Edwards and loses puck.
2:14 of 1st period - Shot by Joseph Gambardella.
2:14 of 1st period - Stopped by Jake Kielly without a rebound.
2:15 of 1st period - Lukas Jasek wins face-off versus Andy Andreoff in Checkers zone.
2:24 of 1st period - Shot by Miles Wood.
2:24 of 1st period - Goal by Miles Wood - Wild : 0 - Checkers : 1.
2:25 of 1st period - Antti Suomela wins face-off versus Aarne Talvitie in neutral zone.
2:28 of 1st period - Aarne Talvitie is hit by Ivan Lodnia and loses puck.
2:41 of 1st period - Shot by Vinni Lettieri.
2:41 of 1st period - Stopped by Shane Starrett without a rebound.
2:42 of 1st period - Joseph Gambardella wins face-off versus Andy Andreoff in Wild zone.
3:27 of 1st period - Icing by Eemeli Rasanen.
3:28 of 1st period - Jeremy Gregoire wins face-off versus Vinni Lettieri in Wild zone.
3:41 of 1st period - Shot by Troy Stecher.
3:41 of 1st period - Stopped by Shane Starrett without a rebound.
3:42 of 1st period - Reese Johnson wins face-off versus Lukas Jasek in Wild zone.
3:49 of 1st period - Shot by Ludwig Persson.
3:49 of 1st period - Shot Blocked by Lukas Jasek.
4:42 of 1st period - Icing by Jalen Chatfield.
4:43 of 1st period - Vinni Lettieri wins face-off versus Lukas Jasek in Wild zone.
5:13 of 1st period - Shot by Brett Sutter.
5:13 of 1st period - Shot Misses the Net.
5:19 of 1st period - Shot by Joshua Ho-Sang.
5:19 of 1st period - Shot Misses the Net.
5:21 of 1st period - Shot by Brett Sutter.
5:21 of 1st period - Stopped by Shane Starrett with a rebound.
5:23 of 1st period - Shot by Troy Stecher.
5:23 of 1st period - Stopped by Shane Starrett without a rebound.
5:24 of 1st period - Jeremy Gregoire wins face-off versus Andy Andreoff in Wild zone.
5:32 of 1st period - Icing by Riley Barber.
5:33 of 1st period - Joseph Gambardella wins face-off versus Andy Andreoff in Checkers zone.
5:46 of 1st period - Shot by Jeremy Gregoire.
5:46 of 1st period - Stopped by Jake Kielly without a rebound.
5:47 of 1st period - Anthony Louis wins face-off versus Reese Johnson in Checkers zone.
6:08 of 1st period - Shot by Danick Martel.
6:08 of 1st period - Deflect By Anthony Louis.
6:08 of 1st period - Shot Blocked by Aidan Hreschuk.
6:22 of 1st period - Shot by Reese Johnson.
6:22 of 1st period - Stopped by Shane Starrett with a rebound.
6:24 of 1st period - Shot by Aidan Hreschuk.
6:24 of 1st period - Stopped by Shane Starrett without a rebound.
6:25 of 1st period - Vinni Lettieri wins face-off versus Jeremy Gregoire in Wild zone.
6:35 of 1st period - Brett Sutter is hit by Jalen Chatfield and loses puck.
6:41 of 1st period - Joshua Ho-Sang is hit by Dillon Simpson and loses puck.
7:21 of 1st period - Shot by Andy Andreoff.
7:21 of 1st period - Stopped by Shane Starrett without a rebound.
7:22 of 1st period - Reese Johnson wins face-off versus Lukas Jasek in Wild zone.
8:15 of 1st period - Icing by Danick Martel.
8:16 of 1st period - Aarne Talvitie wins face-off versus Danick Martel in Wild zone.
8:16 of 1st period - Aarne Talvitie is hit by Connor Hobbs.
8:45 of 1st period - Vinni Lettieri is hit by Connor Hobbs and loses puck.
9:05 of 1st period - Icing by Ben Gleason.
9:06 of 1st period - Andy Andreoff wins face-off versus Danick Martel in Wild zone.
9:25 of 1st period - Shot by Riley Barber.
9:25 of 1st period - Deflect By Andy Andreoff.
9:25 of 1st period - Shot Misses the Net.
10:01 of 1st period - Shot by Jeremy Gregoire.
10:01 of 1st period - Shot Blocked by Demetrios Koumontzis.
10:23 of 1st period - Shot by Ivan Lodnia.
10:23 of 1st period - Deflect By Grant Mismash.
10:23 of 1st period - Shot Misses the Net.
10:25 of 1st period - Shot by Antti Suomela.
10:25 of 1st period - Shot Misses the Net.
10:35 of 1st period - Shot by Grant Mismash.
10:35 of 1st period - Shot Misses the Net.
10:37 of 1st period - Shot by Ben Thomas.
10:37 of 1st period - Shot Blocked by Riley Barber.
11:26 of 1st period - Shot by Lukas Jasek.
11:26 of 1st period - Stopped by Jake Kielly with a rebound.
11:28 of 1st period - Shot by Dillon Simpson.
11:28 of 1st period - Shot Blocked by Demetrios Koumontzis.
11:33 of 1st period - Icing by Demetrios Koumontzis.
11:34 of 1st period - Andy Andreoff wins face-off versus Jeremy Gregoire in Checkers zone.
11:34 of 1st period - Andy Andreoff is hit by Jeremy Gregoire.
11:37 of 1st period - Demetrios Koumontzis is hit by Joseph Gambardella and loses puck.
11:42 of 1st period - Shot by Kasper Bjorkqvist.
11:42 of 1st period - Shot Blocked by Michael Vukojevic.
11:44 of 1st period - Shot by Ben Gleason.
11:44 of 1st period - Stopped by Jake Kielly with a rebound.
12:33 of 1st period - Off-side.
12:34 of 1st period - Lukas Jasek wins face-off versus Reese Johnson in neutral zone.
13:19 of 1st period - Shot by Ivan Lodnia.
13:19 of 1st period - Shot Misses the Net.
13:21 of 1st period - Shot by Eemeli Rasanen.
13:21 of 1st period - Shot Misses the Net.
13:23 of 1st period - Shot by Antti Suomela.
13:23 of 1st period - Stopped by Jake Kielly without a rebound.
13:24 of 1st period - Vinni Lettieri wins face-off versus Jeremy Gregoire in Checkers zone.
13:52 of 1st period - Troy Stecher is hit by Eemeli Rasanen and loses puck.
13:58 of 1st period - Off-side.
13:59 of 1st period - Michael Mersch wins face-off versus Aarne Talvitie in neutral zone.
14:38 of 1st period - Shot by Danick Martel.
14:38 of 1st period - Goal by Danick Martel - Wild : 1 - Checkers : 1.
14:39 of 1st period - Reese Johnson wins face-off versus Antti Suomela in neutral zone.
14:54 of 1st period - Shot by Jackson Blake.
14:54 of 1st period - Stopped by Shane Starrett without a rebound.
14:55 of 1st period - Jeremy Gregoire wins face-off versus Reese Johnson in Wild zone.
15:55 of 1st period - Danick Martel is hit by Ludwig Persson and loses puck.
16:24 of 1st period - Shot by Dillon Simpson.
16:24 of 1st period - Shot Misses the Net.
16:26 of 1st period - Shot by Danick Martel.
16:26 of 1st period - Stopped by Jake Kielly without a rebound.
16:27 of 1st period - Vinni Lettieri wins face-off versus Lukas Jasek in Checkers zone.
16:31 of 1st period - Icing by Joshua Ho-Sang.
16:32 of 1st period - Lukas Jasek wins face-off versus Vinni Lettieri in Checkers zone.
16:45 of 1st period - Shot by Joshua Ho-Sang.
16:45 of 1st period - Stopped by Shane Starrett without a rebound.
16:46 of 1st period - Aarne Talvitie wins face-off versus Joseph Gambardella in Wild zone.
16:57 of 1st period - Jeremy Gregoire is hit by Petrus Palmu and loses puck.
17:03 of 1st period - Eemeli Rasanen is hit by Vinni Lettieri and loses puck.
17:16 of 1st period - Shot by Vinni Lettieri.
17:16 of 1st period - Shot Blocked by Joseph Gambardella.
17:27 of 1st period - Icing by Max Crozier.
17:28 of 1st period - Aarne Talvitie wins face-off versus Ivan Lodnia in Checkers zone.
17:32 of 1st period - Icing by Troy Stecher.
17:33 of 1st period - Lukas Jasek wins face-off versus Aarne Talvitie in Checkers zone.
17:43 of 1st period - Icing by Troy Stecher.
17:44 of 1st period - Aarne Talvitie wins face-off versus Danick Martel in Checkers zone.
18:13 of 1st period - Shot by Anthony Louis.
18:13 of 1st period - Shot Misses the Net.
18:32 of 1st period - Icing by Demetrios Koumontzis.
18:33 of 1st period - Kasper Bjorkqvist wins face-off versus Andy Andreoff in Checkers zone.
18:44 of 1st period - Shot by Riley Barber.
18:44 of 1st period - Stopped by Shane Starrett with a rebound.
18:47 of 1st period - Icing by Connor Hobbs.
18:48 of 1st period - Jeremy Gregoire wins face-off versus Reese Johnson in Wild zone.
18:48 of 1st period - Jeremy Gregoire is hit by Reese Johnson.
19:26 of 1st period - Reese Johnson is hit by Ben Gleason and loses puck.
19:49 of 1st period - Vinni Lettieri is hit by Connor Hobbs.
19:54 of 1st period - Vinni Lettieri is hit by Connor Hobbs and loses puck.
Goals for this period are 1 for Wild vs 1 for Checkers.
Shots for this period are 7 for Wild vs 14 for Checkers.

2nd period


0:01 of 2nd period - Lukas Jasek wins face-off versus Vinni Lettieri in neutral zone.
0:31 of 2nd period - Vinni Lettieri is hit by Jalen Chatfield and loses puck.
0:37 of 2nd period - Ryan Kuffner is hit by Troy Stecher and loses puck.
0:43 of 2nd period - Icing by Max Crozier.
0:44 of 2nd period - Jeremy Gregoire wins face-off versus Vinni Lettieri in Checkers zone.
0:51 of 2nd period - Shot by Joseph Gambardella.
0:51 of 2nd period - Shot Misses the Net.
1:37 of 2nd period - Anthony Louis is hit by Riley Barber.
2:04 of 2nd period - Michael Mersch is hit by Aidan Hreschuk and loses puck.
2:05 of 2nd period - Minor Penalty to Ethan Edwards for Slashing.
2:06 of 2nd period - Vinni Lettieri wins face-off versus Jeremy Gregoire in Checkers zone.
3:43 of 2nd period - Shot by Jeremy Gregoire.
3:43 of 2nd period - Shot Misses the Net.
4:21 of 2nd period - Shot by Antti Suomela.
4:21 of 2nd period - Stopped by Jake Kielly without a rebound.
4:22 of 2nd period - Andy Andreoff wins face-off versus Nikita Jevpalovs in Checkers zone.
5:46 of 2nd period - Icing by Demetrios Koumontzis.
5:47 of 2nd period - Danick Martel wins face-off versus Aarne Talvitie in Checkers zone.
6:00 of 2nd period - Shot by Danick Martel.
6:00 of 2nd period - Stopped by Jake Kielly without a rebound.
6:01 of 2nd period - Jeremy Gregoire wins face-off versus Reese Johnson in Checkers zone.
6:08 of 2nd period - Shot by Joseph Gambardella.
6:08 of 2nd period - Stopped by Jake Kielly without a rebound.
6:09 of 2nd period - Reese Johnson wins face-off versus Jeremy Gregoire in Checkers zone.
7:33 of 2nd period - Shot by Miles Wood.
7:33 of 2nd period - Deflect By Riley Barber.
7:33 of 2nd period - Shot Misses the Net.
7:43 of 2nd period - Shot by Michael Mersch.
7:43 of 2nd period - Stopped by Jake Kielly without a rebound.
7:44 of 2nd period - Vinni Lettieri wins face-off versus Antti Suomela in Checkers zone.
8:43 of 2nd period - Ben Gleason is hit by Vinni Lettieri and loses puck.
8:57 of 2nd period - Ryan Kuffner is hit by Michael Vukojevic and loses puck.
9:34 of 2nd period - Vinni Lettieri is hit by Jalen Chatfield and loses puck.
9:53 of 2nd period - Shot by Miles Wood.
9:53 of 2nd period - Shot Misses the Net.
9:55 of 2nd period - Shot by Miles Wood.
9:55 of 2nd period - Goal by Miles Wood - Wild : 1 - Checkers : 2.
9:56 of 2nd period - Reese Johnson wins face-off versus Danick Martel in neutral zone.
10:20 of 2nd period - Shot by Danick Martel.
10:20 of 2nd period - Stopped by Jake Kielly without a rebound.
10:21 of 2nd period - Andy Andreoff wins face-off versus Antti Suomela in Checkers zone.
10:47 of 2nd period - Icing by Dillon Simpson.
10:48 of 2nd period - Reese Johnson wins face-off versus Antti Suomela in Wild zone.
10:53 of 2nd period - Shot by Jackson Blake.
10:53 of 2nd period - Stopped by Shane Starrett without a rebound.
10:54 of 2nd period - Reese Johnson wins face-off versus Jeremy Gregoire in Wild zone.
11:05 of 2nd period - Shot by Joseph Gambardella.
11:05 of 2nd period - Shot Blocked by Aidan Hreschuk.
11:08 of 2nd period - Icing by Ethan Edwards.
11:09 of 2nd period - Anthony Louis wins face-off versus Jackson Blake in Checkers zone.
12:28 of 2nd period - Shot by Joseph Gambardella.
12:28 of 2nd period - Shot Blocked by Max Crozier.
12:30 of 2nd period - Shot by Kasper Bjorkqvist.
12:30 of 2nd period - Shot Hit the Post.
12:32 of 2nd period - Shot by Joseph Gambardella.
12:32 of 2nd period - Shot Misses the Net.
12:34 of 2nd period - Shot by Joseph Gambardella.
12:34 of 2nd period - Shot Misses the Net.
12:36 of 2nd period - Shot by Dillon Simpson.
12:36 of 2nd period - Stopped by Jake Kielly without a rebound.
12:37 of 2nd period - Lukas Jasek wins face-off versus Aarne Talvitie in Checkers zone.
13:18 of 2nd period - Connor Hobbs is hit by Vinni Lettieri and loses puck.
14:33 of 2nd period - Shot by Jeremy Gregoire.
14:33 of 2nd period - Shot Misses the Net.
14:49 of 2nd period - Shot by Joseph Gambardella.
14:49 of 2nd period - Stopped by Jake Kielly without a rebound.
14:50 of 2nd period - Danick Martel wins face-off versus Reese Johnson in Checkers zone.
14:50 of 2nd period - Danick Martel is hit by Demetrios Koumontzis.
15:02 of 2nd period - Shot by Anthony Louis.
15:02 of 2nd period - Stopped by Jake Kielly with a rebound.
15:19 of 2nd period - Icing by Michael Vukojevic.
15:20 of 2nd period - Jeremy Gregoire wins face-off versus Jackson Blake in Checkers zone.
15:20 of 2nd period - Joseph Gambardella is hit by Michael Vukojevic.
15:29 of 2nd period - Michael Vukojevic is hit by Jalen Chatfield and loses puck.
16:34 of 2nd period - Shot by Riley Barber.
16:34 of 2nd period - Shot Blocked by Eemeli Rasanen.
16:38 of 2nd period - Shot by Andy Andreoff.
16:38 of 2nd period - Shot Hit the Post.
16:40 of 2nd period - Shot by Riley Barber.
16:40 of 2nd period - Shot Blocked by Eemeli Rasanen.
16:42 of 2nd period - Shot by Miles Wood.
16:42 of 2nd period - Deflect By Riley Barber.
16:42 of 2nd period - Shot Misses the Net.
16:51 of 2nd period - Minor Penalty to Brett Sutter for Tripping.
16:52 of 2nd period - Vinni Lettieri wins face-off versus Michael Mersch in Checkers zone.
17:03 of 2nd period - Shot by Connor Hobbs.
17:03 of 2nd period - Shot Misses the Net.
17:13 of 2nd period - Aarne Talvitie is hit by Michael Mersch and loses puck.
17:38 of 2nd period - Shot by Jeremy Gregoire.
17:38 of 2nd period - Shot Blocked by Michael Vukojevic.
17:40 of 2nd period - Shot by Kasper Bjorkqvist.
17:40 of 2nd period - Shot Blocked by Andy Andreoff.
17:42 of 2nd period - Shot by Dillon Simpson.
17:42 of 2nd period - Shot Misses the Net.
17:44 of 2nd period - Shot by Dillon Simpson.
17:44 of 2nd period - Stopped by Jake Kielly with a rebound.
17:46 of 2nd period - Shot by Jeremy Gregoire.
17:46 of 2nd period - Deflect By Kasper Bjorkqvist.
17:46 of 2nd period - Shot Misses the Net.
17:48 of 2nd period - Shot by Jalen Chatfield.
17:48 of 2nd period - Shot Blocked by Vinni Lettieri.
17:50 of 2nd period - Shot by Jeremy Gregoire.
17:50 of 2nd period - Goal by Jeremy Gregoire - Wild : 2 - Checkers : 2.
17:51 of 2nd period - Antti Suomela wins face-off versus Reese Johnson in neutral zone.
18:15 of 2nd period - Shot by Grant Mismash.
18:15 of 2nd period - Stopped by Jake Kielly without a rebound.
18:16 of 2nd period - Joshua Ho-Sang wins face-off versus Nikita Jevpalovs in Checkers zone.
18:35 of 2nd period - Shot by Joshua Ho-Sang.
18:35 of 2nd period - Deflect By Vinni Lettieri.
18:35 of 2nd period - Shot Misses the Net.
18:37 of 2nd period - Shot by Brett Sutter.
18:37 of 2nd period - Stopped by Shane Starrett without a rebound.
18:38 of 2nd period - Danick Martel wins face-off versus Andy Andreoff in Wild zone.
18:53 of 2nd period - Shot by Miles Wood.
18:53 of 2nd period - Stopped by Shane Starrett without a rebound.
18:54 of 2nd period - Jeremy Gregoire wins face-off versus Reese Johnson in Wild zone.
18:54 of 2nd period - Jeremy Gregoire is hit by Reese Johnson.
19:23 of 2nd period - Shot by Reese Johnson.
19:23 of 2nd period - Deflect By Jackson Blake.
19:23 of 2nd period - Stopped by Shane Starrett with a rebound.
19:50 of 2nd period - Riley Barber is hit by Jeremy Gregoire and loses puck.
Goals for this period are 1 for Wild vs 1 for Checkers.
Shots for this period are 11 for Wild vs 5 for Checkers.

3rd period


0:01 of 3rd period - Vinni Lettieri wins face-off versus Jeremy Gregoire in neutral zone.
0:03 of 3rd period - Off-side.
0:04 of 3rd period - Vinni Lettieri wins face-off versus Jeremy Gregoire in neutral zone.
0:20 of 3rd period - Icing by Max Crozier.
0:21 of 3rd period - Vinni Lettieri wins face-off versus Anthony Louis in Checkers zone.
0:42 of 3rd period - Shot by Ben Gleason.
0:42 of 3rd period - Goal by Ben Gleason - Wild : 3 - Checkers : 2.
0:43 of 3rd period - Joseph Gambardella wins face-off versus Andy Andreoff in neutral zone.
0:43 of 3rd period - Kasper Bjorkqvist is hit by Riley Barber and loses puck.
1:00 of 3rd period - Shot by Miles Wood.
1:00 of 3rd period - Stopped by Shane Starrett without a rebound.
1:01 of 3rd period - Reese Johnson wins face-off versus Danick Martel in Wild zone.
1:20 of 3rd period - Shot by Danick Martel.
1:20 of 3rd period - Shot Blocked by Max Crozier.
2:03 of 3rd period - Shot by Kasper Bjorkqvist.
2:03 of 3rd period - Shot Blocked by Max Crozier.
2:05 of 3rd period - Shot by Kasper Bjorkqvist.
2:05 of 3rd period - Shot Misses the Net.
2:07 of 3rd period - Shot by Dillon Simpson.
2:07 of 3rd period - Stopped by Jake Kielly without a rebound.
2:08 of 3rd period - Vinni Lettieri wins face-off versus Antti Suomela in Checkers zone.
2:45 of 3rd period - Shot by Grant Mismash.
2:45 of 3rd period - Stopped by Jake Kielly with a rebound.
2:47 of 3rd period - Shot by Antti Suomela.
2:47 of 3rd period - Goal by Antti Suomela - Wild : 4 - Checkers : 2.
2:48 of 3rd period - Jeremy Gregoire wins face-off versus Andy Andreoff in neutral zone.
2:48 of 3rd period - Jeremy Gregoire is hit by Miles Wood.
3:07 of 3rd period - Jeremy Gregoire is hit by Ethan Edwards and loses puck.
3:22 of 3rd period - Shot by Joseph Gambardella.
3:22 of 3rd period - Stopped by Jake Kielly without a rebound.
3:23 of 3rd period - Aarne Talvitie wins face-off versus Danick Martel in Checkers zone.
3:23 of 3rd period - Aarne Talvitie is hit by Michael Mersch.
3:39 of 3rd period - Shot by Aarne Talvitie.
3:39 of 3rd period - Shot Blocked by Connor Hobbs.
3:41 of 3rd period - Shot by Vinni Lettieri.
3:41 of 3rd period - Shot Misses the Net.
4:25 of 3rd period - Shot by Demetrios Koumontzis.
4:25 of 3rd period - Shot Misses the Net.
4:47 of 3rd period - Shot by Ryan Kuffner.
4:47 of 3rd period - Shot Misses the Net.
4:52 of 3rd period - Icing by Jackson Blake.
4:53 of 3rd period - Jeremy Gregoire wins face-off versus Reese Johnson in Checkers zone.
5:18 of 3rd period - Shot by Joseph Gambardella.
5:18 of 3rd period - Stopped by Jake Kielly with a rebound.
5:20 of 3rd period - Shot by Eemeli Rasanen.
5:20 of 3rd period - Shot Misses the Net.
5:22 of 3rd period - Shot by Kasper Bjorkqvist.
5:22 of 3rd period - Stopped by Jake Kielly without a rebound.
5:23 of 3rd period - Vinni Lettieri wins face-off versus Antti Suomela in Checkers zone.
6:26 of 3rd period - Shot by Ben Gleason.
6:26 of 3rd period - Stopped by Jake Kielly without a rebound.
6:27 of 3rd period - Aarne Talvitie wins face-off versus Danick Martel in Checkers zone.
6:43 of 3rd period - Icing by Eemeli Rasanen.
6:44 of 3rd period - Andy Andreoff wins face-off versus Danick Martel in Wild zone.
6:52 of 3rd period - Anthony Louis is hit by Troy Stecher and loses puck.
7:08 of 3rd period - Shot by Anthony Louis.
7:08 of 3rd period - Shot Misses the Net.
7:10 of 3rd period - Shot by Ben Thomas.
7:10 of 3rd period - Stopped by Jake Kielly with a rebound.
7:12 of 3rd period - Shot by Anthony Louis.
7:12 of 3rd period - Shot Misses the Net.
7:14 of 3rd period - Shot by Michael Mersch.
7:14 of 3rd period - Stopped by Jake Kielly with a rebound.
7:46 of 3rd period - Off-side.
7:47 of 3rd period - Lukas Jasek wins face-off versus Vinni Lettieri in neutral zone.
7:50 of 3rd period - Shot by Ryan Kuffner.
7:50 of 3rd period - Stopped by Jake Kielly without a rebound.
7:51 of 3rd period - Vinni Lettieri wins face-off versus Jeremy Gregoire in Checkers zone.
8:10 of 3rd period - Shot by Joshua Ho-Sang.
8:10 of 3rd period - Stopped by Shane Starrett without a rebound.
8:11 of 3rd period - Ludwig Persson wins face-off versus Lukas Jasek in Wild zone.
8:18 of 3rd period - Shot by Ludwig Persson.
8:18 of 3rd period - Shot Misses the Net.
8:22 of 3rd period - Shot by Reese Johnson.
8:22 of 3rd period - Shot Misses the Net.
8:24 of 3rd period - Shot by Reese Johnson.
8:24 of 3rd period - Shot Misses the Net.
8:59 of 3rd period - Icing by Aidan Hreschuk.
9:00 of 3rd period - Jeremy Gregoire wins face-off versus Reese Johnson in Checkers zone.
9:03 of 3rd period - Shot by Joseph Gambardella.
9:03 of 3rd period - Shot Blocked by Aidan Hreschuk.
10:18 of 3rd period - Shot by Vinni Lettieri.
10:18 of 3rd period - Shot Misses the Net.
10:20 of 3rd period - Shot by Max Crozier.
10:20 of 3rd period - Stopped by Shane Starrett without a rebound.
10:21 of 3rd period - Lukas Jasek wins face-off versus Andy Andreoff in Wild zone.
10:57 of 3rd period - Shot by Miles Wood.
10:57 of 3rd period - Shot Blocked by Ryan Kuffner.
10:59 of 3rd period - Shot by Michael Vukojevic.
10:59 of 3rd period - Shot Misses the Net.
11:17 of 3rd period - Shot by Joshua Ho-Sang.
11:17 of 3rd period - Deflect By Brett Sutter.
11:17 of 3rd period - Stopped by Shane Starrett without a rebound.
11:18 of 3rd period - Jeremy Gregoire wins face-off versus Aarne Talvitie in Wild zone.
12:09 of 3rd period - Miles Wood is hit by Jeremy Gregoire and loses puck.
12:15 of 3rd period - Michael Vukojevic is hit by Jalen Chatfield and loses puck.
12:28 of 3rd period - Shot by Andy Andreoff.
12:28 of 3rd period - Stopped by Shane Starrett without a rebound.
12:29 of 3rd period - Vinni Lettieri wins face-off versus Danick Martel in Wild zone.
12:33 of 3rd period - Vinni Lettieri is hit by Eemeli Rasanen and loses puck.
12:39 of 3rd period - Joshua Ho-Sang is hit by Eemeli Rasanen and loses puck.
14:31 of 3rd period - Shot by Ivan Lodnia.
14:31 of 3rd period - Stopped by Jake Kielly without a rebound.
14:32 of 3rd period - Aarne Talvitie wins face-off versus Jeremy Gregoire in Checkers zone.
14:44 of 3rd period - Off-side.
14:45 of 3rd period - Danick Martel wins face-off versus Andy Andreoff in neutral zone.
15:16 of 3rd period - Shot by Danick Martel.
15:16 of 3rd period - Goal by Danick Martel - Wild : 5 - Checkers : 2.
15:17 of 3rd period - Jeremy Gregoire wins face-off versus Vinni Lettieri in neutral zone.
15:27 of 3rd period - Off-side.
15:28 of 3rd period - Reese Johnson wins face-off versus Antti Suomela in neutral zone.
15:41 of 3rd period - Off-side.
15:42 of 3rd period - Jeremy Gregoire wins face-off versus Vinni Lettieri in neutral zone.
16:06 of 3rd period - Shot by Brett Sutter.
16:06 of 3rd period - Shot Blocked by Eemeli Rasanen.
16:08 of 3rd period - Shot by Joshua Ho-Sang.
16:08 of 3rd period - Shot Misses the Net.
16:12 of 3rd period - Shot by Joshua Ho-Sang.
16:12 of 3rd period - Shot Misses the Net.
16:14 of 3rd period - Shot by Brett Sutter.
16:14 of 3rd period - Stopped by Shane Starrett without a rebound.
16:15 of 3rd period - Danick Martel wins face-off versus Miles Wood in Wild zone.
16:15 of 3rd period - Danick Martel is hit by Andy Andreoff.
16:21 of 3rd period - Andy Andreoff is hit by Michael Mersch and loses puck.
16:35 of 3rd period - Riley Barber is hit by Dillon Simpson and loses puck.
18:34 of 3rd period - Icing by Michael Vukojevic.
18:35 of 3rd period - Reese Johnson wins face-off versus Danick Martel in Checkers zone.
18:44 of 3rd period - Shot by Anthony Louis.
18:44 of 3rd period - Stopped by Jake Kielly with a rebound.
18:46 of 3rd period - Shot by Dillon Simpson.
18:46 of 3rd period - Shot Blocked by Jackson Blake.
19:59 of 3rd period - Icing by Aidan Hreschuk.
Goals for this period are 3 for Wild vs 0 for Checkers.
Shots for this period are 14 for Wild vs 6 for Checkers.